 Dungeon Crawl Stone Soup version 0.20.0-7-g3b7b877 (webtiles) character file.

8 shpingle the Grave Robber (level 2, 0/12 HPs)
             Began as a Felid Necromancer on May 29, 2017.
             Slain by a jackal (1 damage)
             ... on level 1 of the Dungeon.
             The game lasted 00:02:47 (290 turns).

shpingle the Grave Robber (Felid Necromancer)        Turns: 290, Time: 00:02:48

Health: 0/12       AC:  1    Str:  4    XL:     2   Next: 0%
Magic:  0/6        EV: 18    Int: 16    God:
Gold:   87         SH:  0    Dex: 16    Spells: 3/5 levels left
                                        Lives:  0   Deaths: 0

rFire    . . .     SeeInvis +     - Unarmed
rCold    . . .     Gourm    .   (shield unavailable)
rNeg     . . .     Faith    .   (armour unavailable)
rPois    .         Spirit   .   (helmet unavailable)
rElec    .         Reflect  .   (cloak unavailable)
rCorr    .         Harm     .   (gloves unavailable)
MR       .....                  (boots unavailable)
Stlth    +++.......             (no amulet)
Regen    0.1/turn               (no ring)
MPRegen  0.1/turn               (no ring)

@: quick
A: no armour, no weapons or thrown items, stealth, claws 1, fangs 3, see
invisible, carnivore 3, speed 1, shaggy fur 1, slow metabolism 1, sharp paws
a: no special abilities


You were on level 1 of the Dungeon.
You were completely stuffed.

You visited 1 branch of the dungeon, and saw 1 of its levels.

You collected 87 gold pieces.

Inventory:

Potions
 c - a potion of cancellation
Books
 a - a book of Necromancy

   Spells                             Type                      Level
   a - Pain                           Necromancy                   1
   b - Animate Skeleton               Necromancy                   1
   c - Vampiric Draining              Necromancy                   3
   d - Regeneration                   Charms/Necromancy            3
   e - Animate Dead                   Necromancy                   4
   f - Control Undead                 Necromancy                   4
Comestibles
 b - a meat ration


   Skills:
 + Level 1.1 Fighting
 - Level 2.6 Dodging
 - Level 2.6 Stealth
 + Level 1.0 Unarmed Combat
 - Level 2.0 Spellcasting
 - Level 4.0 Necromancy


You had 3 spell levels left.
You knew the following spells:

 Your Spells              Type           Power        Failure   Level  Hunger
a - Pain                  Necr           ##..         4%          1    #......
z - Animate Skeleton      Necr           N/A          4%          1    #......


Dungeon Overview and Level Annotations

Branches:
Dungeon (1/15)

Altars:


Innate Abilities, Weirdness & Mutations

You cannot wear armour.
You are incapable of wielding weapons or throwing items.
Your paws allow you to move quietly. (Stealth)
You have sharp claws.
You have razor-sharp teeth.
You have supernaturally acute eyesight. (SInv)
You are carnivorous and can eat meat at any time.
You cover ground quickly.
You are covered in fur. (AC +1)
You have a slow metabolism.
Your sharp claws are effective at attacking unaware monsters.


Message History

Press: ? - help, Shift-Dir - straight line, f/p - jackal
Aim: a jackal (chance to defeat MR: 85%)
The jackal writhes in agony!
The jackal completely misses you. The jackal closely misses you.
You take 1 damage, and have 2/12 hp.
You now have 2/6 mp.
Casting: Pain
Confirm with . or Enter, or press ? or * to list all spells.
Aiming: Pain
Press: ? - help, Shift-Dir - straight line, f/p - jackal
Aim: a jackal (heavily wounded, chance to defeat MR: 85%)
The jackal barely resists.
Your kobold skeleton closely misses the jackal.
You take 1 damage, and have 1/12 hp.
You now have 1/6 mp.
Casting: Pain
Confirm with . or Enter, or press ? or * to list all spells.
Aiming: Pain
Press: ? - help, Shift-Dir - straight line, f/p - jackal
Aim: a jackal (heavily wounded, chance to defeat MR: 85%)
The jackal writhes in agony!
The jackal bites you.
You die...

███...█....██......Z...█
████...█.....███..........█
§.§§.........█ ███.███Z.███
..§§.........█ ██.......█
.§§§§§..██...████..█████.█
.§§§§§§§██.........█ ██
.§§§§§§.██......██.█
██8<8█████....Zhh..█
█████████.....█@.███
......█.......██↑..█
..............██...█
...................█
...███..█████....%.█
....██..█ ██.█...█.
........██ █.█......
.█..█....█████.█(......
..█..█...........>.......


You could see 2 jackals and a friendly kobold skeleton.

Vanquished Creatures
  2 goblins (D:1)
  2 hobgoblins (D:1)
  A jackal (D:1)
  A kobold (D:1)
6 creatures vanquished.

Vanquished Creatures (collateral kills)
  A ball python (D:1)
1 creature vanquished.

Grand Total: 7 creatures vanquished

Notes
Turn   | Place    | Note
-------+----------+-------------------------------------------
     0 | D:1      | shpingle the Felid Necromancer began the quest for the Orb.
     0 | D:1      | Reached XP level 1. HP: 7/7 MP: 4/4
    19 | D:1      | Learned a level 1 spell: Animate Skeleton
   232 | D:1      | Reached XP level 2. HP: 6/12 MP: 0/6
   290 | D:1      | Slain by a jackal

Skill      XL: |  1 |
---------------+----+-----
Fighting       | 1 |  1.1
Unarmed Combat | 1 |  1.0
Dodging        | |  2.6
Stealth        | |  2.6
Spellcasting   | |  2.0
Necromancy     | |  4.0

Action                   || total
-------------------------++-------
Melee: Unarmed           ||     7
 Cast: Pain              ||    13
       Animate Skeleton  ||     3
  Use: Scroll            ||     1
       Potion            ||     1
 Stab: Sleeping          ||     1
  Eat: Chunk             ||     6
Dodge: Dodged            ||    22
